 Dungeon Crawl Stone Soup version 0.20-a0-443-g0464b71 (webtiles) character file.

14189 Colliwobble the Peltast (level 11, -4/102 HPs)
             Began as a Minotaur Fighter on Jan 7, 2017.
             Was a Believer of Ru.
             Splashed by Nessos's acid (13 damage)
             ... on level 4 of the Lair of Beasts.
             The game lasted 00:39:25 (13333 turns).

Colliwobble the Peltast (Minotaur Fighter)         Turns: 13333, Time: 00:39:26

Health: -4/102     AC: 13    Str: 29    XL:     11   Next: 85%
Magic:  0/10       EV:  6    Int:  7    God:    Ru [**....]
Gold:   763        SH: 22    Dex: 16    Spells: 10/10 levels left

rFire  . . .     SeeInvis .     a - +9 spear of Buyxafap {pierce, rC+ Int+2 Dex+4}
rCold  + + .     Gourm    .     P - +0 plate armour
rNeg   . . .     Faith    .     S - +0 large shield
rPois  .         Spirit   +     (helmet restricted)
rElec  .         Reflect  .     H - +2 cloak
rCorr  .         Harm     .     C - +0 pair of gloves
MR     .....                    J - +0 pair of boots {Stlth+}
Stlth  ..........               p - amulet of guardian spirit
                                s - +3 ring of strength
                                D - ring of protection from cold

@: corroded
A: retaliatory headbutt, horns 2, agile 1, no stealth, inexperienced 1
a: Renounce Religion


You were on level 4 of the Lair of Beasts.
You worshipped Ru.
Ru was pleased with you.
You were not hungry.

You visited 3 branches of the dungeon, and saw 15 of its levels.
You also visited: Labyrinth and Ice Cave.

You collected 923 gold pieces.
You spent 160 gold pieces at shops.

Inventory:

Hand Weapons
 a - the +9 spear of Buyxafap (weapon) {pierce, rC+ Int+2 Dex+4}
   (You found it on level 4 of the Dungeon)

   It inflicts extra damage upon your enemies.
   It affects your intelligence (+2).
   It affects your dexterity (+4).
   It protects you from cold.
 b - a +1 hunting sling of freezing
 h - a +0 triple sword of freezing
Missiles
 y - 186 stones (quivered)
Armour
 C - a +0 pair of gloves (worn)
 H - a +2 cloak (worn)
 J - a +0 pair of boots of stealth (worn)
 P - a +0 plate armour (worn)
 S - a +0 large shield (worn)
Jewellery
 p - an amulet of guardian spirit (around neck)
 s - a +3 ring of strength (right hand)
 D - a ring of protection from cold (left hand)
 N - the ring of Canufrumorch {+Blink +Fly Dex-3 Stlth+}
   (You found it in a labyrinth)

   [ring of flight]

   It affects your dexterity (-3).
   It lets you fly.
   It lets you blink.
   It makes you more stealthy.
Wands
 v - a wand of acid (10/15)
 z - a wand of lightning (14/15)
 U - a wand of disintegration (8/24)
Scrolls
 g - a scroll of identify
 k - 10 scrolls of remove curse
 l - a scroll of random uselessness {unknown}
 n - a scroll of magic mapping
 u - a scroll of fear {unknown}
 x - a scroll of noise {unknown}
 A - 2 scrolls of enchant armour {unknown}
 B - a scroll of immolation {unknown}
 L - 2 scrolls of fog {unknown}
 Q - a scroll of vulnerability {unknown}
 R - 3 scrolls of recharging {unknown}
 T - 2 scrolls of holy word {unknown}
 Z - 2 scrolls of enchant weapon {unknown}
Potions
 c - 2 potions of cure mutation
 e - 3 potions of flight
 j - 4 potions of brilliance
 r - 5 potions of curing
 t - a potion of ambrosia
 F - 4 potions of invisibility
 G - a potion of might
 K - 3 potions of resistance
 W - a potion of haste
 X - 2 potions of berserk rage {unknown}
 Y - 2 potions of agility {unknown}
Comestibles
 d - a royal jelly
 f - 7 bread rations
 i - a meat ration
 m - 3 slices of pizza
 w - 5 fruits
 I - 2 beef jerkies


   Skills:
 + Level 11.4 Fighting
 - Level 11.4 Long Blades
 - Level 13.0 Polearms
 + Level 11.4 Armour
 - Level 15.2 Shields


You had 10 spell levels left.
You didn't know any spells.

Dungeon Overview and Level Annotations

Branches:
Dungeon (10/15)            Temple (1/1) D:6            Lair (4/6) D:10
 Shoals (0/4) Lair:3        Snake (0/4) Lair:3
    Orc: D:9-12

Altars:
Ashenzari
Cheibriados
Gozag
Kikubaaqudgha
Makhleb
Nemelex Xobeh
Ru
Sif Muna
Trog
Yredelemnul
The Shining One

Shops:
D:4 !   D:9 *

Annotations:
D:5 elec eel vault, exclusion: door
Lair:4 Nessos


Innate Abilities, Weirdness & Mutations

You reflexively headbutt those who attack you in melee.
You have a pair of horns on your head.
You cannot be stealthy.
You are somewhat inexperienced. (-2 XL)
You are agile. (Dex +2)


Message History

Press: ? - help, Dir - move target cursor, f - Nessos
Aim: Nessos, wielding an enchanted long sword, wearing a centaur barding and carrying a wand of acid (?/15) {zapped: 3} (fast)
You reach to attack!
You puncture Nessos!
Nessos is lightly wounded.
Nessos zaps a wand.
The bolt of acid hits you! The acid corrodes you!
You are splashed with acid!
The acid burns!
You are too injured to fight recklessly!
You are too injured to fight recklessly!
You are too injured to fight recklessly!
You are too injured to fight recklessly!
Nessos zaps a wand.
The bolt of acid hits you!
You are splashed with acid!
The acid burns!
* * * LOW HITPOINT WARNING * * *
You block Nessos's attack.
You puncture Nessos! You headbutt Nessos, but do no damage.
Nessos is moderately wounded.
Nessos zaps a wand.
The bolt of acid hits you!
* * * LOW HITPOINT WARNING * * *
The acid corrodes you!
You are splashed with acid!
The acid burns!
You die...

.......##..P.#.# *#..#
..##.##..#..##*# *...*
..##.......## ##..,*
###....##.#.# ###..####*#
#*.......).## #.#..#P.#.#
#*#.........# #........#*
###........#* #...>....#
..'........#####........##
###........#.#.#@........#
##.........##..c.........#
#.........'..##........##
#.....ยง....####........#
#..........#* #........#**
###..######.#*#..........*
###.* *##*..........#* *#*
####.###.### ##.**##


You could see Nessos.

Vanquished Creatures
  A reaper (IceCv)
  A minotaur (Lab)
  Harold (Lair:4)
  5 hydras
  A catoblepas (Lair:2)
  Urug (Lair:4)
  5 death yaks
  5 elephants (Lair:4)
  2 ice statues (IceCv)
  2 black mambas (Lair:2)
  4 spiny frogs
  A rime drake (Lair:4)
  The ghost of HallandMoats the Skirmisher, a novice GrFi (D:4)
  6 komodo dragons
  9 ice devils
  A polar bear (Lair:4)
  A hornet (D:8)
  4 hippogriffs
  Sigmund (D:3)
  A fire elemental (Lair:2)
  13 yaks
  Grum (D:8)
  The ghost of Halberto the Chopper, an amateur HOMo (D:3)
  3 fire bats (Lair:2)
  Edmund (D:4)
  13 water moccasins
  6 porcupines
  A black bear (D:10)
  2 ice beasts (D:5)
  2 sky beasts
  2 orc warriors
  A phantom (D:7)
  3 ogres
  8 wolves
  3 centaurs
  7 crocodiles
  11 bullfrogs
  A scorpion (D:4)
  12 killer bees
  3 howler monkeys
  4 electric eels (Lair:2)
  2 crimson imps
  A centaur zombie (D:8)
  2 quasits
  3 hounds
  5 orc priests
  A jelly (D:6)
  8 orc wizards
  2 bullfrog skeletons
  Jessica (D:3)
  4 iguanas
  Terence (D:2)
  6 worker ants
  2 killer bee zombies (D:8)
  2 hound skeletons
  A worker ant zombie (D:6)
  A howler monkey skeleton (D:9)
  22 adders
  7 white imps (IceCv)
  8 ufetubi (IceCv)
  An adder zombie (D:8)
  An ooze (D:3)
  2 dart slugs
  3 leopard geckos (D:1)
  35 orcs
  2 ball pythons
  7 bats
  5 giant cockroaches
  5 goblins
  9 hobgoblins
  5 jackals
  2 quokkas
  3 frilled lizards
  5 kobolds
  A quokka skeleton (D:4)
  7 rats
323 creatures vanquished.

Vanquished Creatures (others)
  3 white imps (IceCv)
  3 ufetubi (IceCv)
  4 fungi
  4 plants
14 creatures vanquished.

Grand Total: 337 creatures vanquished

Notes
Turn   | Place    | Note
-------+----------+-------------------------------------------
     0 | D:1      | Colliwobble the Minotaur Fighter began the quest for the Orb.
     0 | D:1      | Reached XP level 1. HP: 19/19 MP: 0/0
   143 | D:1      | Reached XP level 2. HP: 26/26 MP: 1/1
   784 | D:1      | Reached XP level 3. HP: 30/31 MP: 2/2
   908 | D:2      | Reached skill level 5 in Long Blades
   958 | D:2      | Noticed Terence
   972 | D:2      | Killed Terence
   972 | D:2      | Reached XP level 4. HP: 35/39 MP: 3/3
  1263 | D:3      | Noticed Sigmund
  1269 | D:3      | Killed Sigmund
  1269 | D:3      | Reached XP level 5. HP: 44/45 MP: 4/4
  1269 | D:3      | Reached XP level 6. HP: 50/51 MP: 5/5
  1406 | D:3      | Noticed Jessica
  1411 | D:3      | Killed Jessica
  1518 | D:3      | Noticed Halberto's ghost (amateur HOMo)
  1550 | D:3      | Killed Halberto's ghost
  1550 | D:3      | Reached XP level 7. HP: 37/57 MP: 6/6
  1687 | D:3      | Found an opulent altar of Gozag.
  1687 | D:3      | Found a sacrificial altar of Ru.
  1692 | D:3      | Found a faded altar of an unknown god.
  1694 | D:3      | Found a glowing golden altar of the Shining One.
  1696 | D:3      | Found a faded altar of an unknown god.
  1706 | D:3      | Became a worshipper of Ru the Awakened
  2257 | D:4      | Noticed Edmund
  2280 | D:4      | Killed Edmund
  2280 | D:4      | Reached skill level 10 in Long Blades
  2357 | D:4      | Noticed HallandMoats's ghost (novice GrFi)
  2393 | D:4      | Killed HallandMoats's ghost
  2393 | D:4      | Reached XP level 8. HP: 21/64 MP: 7/7
  2671 | D:4      | Got an ancient spear
  2672 | D:4      | Identified the +9 spear of Buyxafap {pierce, rC+ Int+2 Dex+4} (You found it on level 4 of the Dungeon)
  2693 | D:4      | Reached skill level 1 in Polearms
  2836 | D:4      | Found a burning altar of Makhleb.
  2985 | D:4      | Found Nuicriot's Distillery.
  2992 | D:4      | Bought a potion of heal wounds for 50 gold pieces
  2992 | D:4      | Bought 2 potions of curing for 60 gold pieces
  3227 | D:4      | Bought a potion of heal wounds for 50 gold pieces
  3232 | D:5      | Entered Level 5 of the Dungeon
  3356 | D:5      | Found a snail-covered altar of Cheibriados.
  3499 | D:5      | Reached skill level 5 in Polearms
  4130 | D:6      | Found a sparkling altar of Nemelex Xobeh.
  4183 | D:6      | Reached XP level 9. HP: 47/70 MP: 8/8
  4328 | D:6      | Found a staircase to the Ecumenical Temple.
  4364 | Temple   | Entered the Ecumenical Temple
  4995 | D:6      | Reached skill level 10 in Polearms
  5090 | D:7      | Found a bloodstained altar of Trog.
  5797 | D:8      | Noticed Grum
  5826 | D:8      | Killed Grum
  5989 | D:8      | Noticed a two-headed ogre
  6042 | D:8      | Paralysed by a hornet for 2 turns
  6051 | D:8      | Reached XP level 10. HP: 67/77 MP: 7/9
  6623 | D:9      | Found a basalt altar of Yredelemnul.
  6624 | D:9      | Found a deep blue altar of Sif Muna.
  6639 | D:9      | Noticed an eight-headed hydra
  6641 | D:9      | Reached XP level 11. HP: 97/97 MP: 10/10
  6650 | D:9      | Killed an eight-headed hydra
  6787 | D:9      | Reached skill level 4 in Shields
  6980 | D:9      | Found Purphux's Assorted Antiques.
  7154 | D:10     | Entered Level 10 of the Dungeon
  7300 | D:10     | Found a staircase to the Lair.
  7300 | D:10     | Noticed a death yak
  7301 | D:10     | Noticed a death yak
  7301 | D:10     | Noticed a death yak
  7301 | D:10     | Noticed a death yak
  7302 | D:10     | Noticed a death yak
  7319 | D:10     | Killed a death yak
  7319 | D:10     | Reached skill level 5 in Shields
  7330 | D:10     | Killed a death yak
  7330 | D:10     | Reached skill level 6 in Shields
  7345 | D:10     | Killed a death yak
  7345 | D:10     | Reached skill level 7 in Shields
  7667 | D:9      | Killed a death yak
  7667 | D:9      | Reached skill level 8 in Shields
  7680 | D:9      | Killed a death yak
  7680 | D:9      | Reached skill level 9 in Shields
  8200 | Lair:1   | Entered Level 1 of the Lair of Beasts
  8357 | Lair:1   | Gained mutation: You are agile. (Dex +2) [potion of beneficial mutation]
  8507 | Lair:1   | Reached skill level 10 in Shields
  8959 | Lair:2   | Reached XP level 12. HP: 93/105 MP: 9/11
  9044 | Lair:2   | Noticed a catoblepas
  9069 | Lair:2   | Killed a catoblepas
  9069 | Lair:2   | Reached skill level 11 in Shields
  9913 | Lair:2   | Reached skill level 12 in Shields
 10133 | Lair:2   | Noticed a five-headed hydra
 10141 | Lair:2   | Killed a five-headed hydra
 10575 | Lair:2   | Gained mutation: You cannot be stealthy. [Ru sacrifice]
 10621 | Lair:3   | Found a labyrinth entrance.
 10624 | Lair:3   | Noticed a six-headed hydra
 10636 | Lair:3   | Killed a six-headed hydra
 10651 | Lab      | Entered a labyrinth
 10749 | Lab      | Noticed a minotaur
 10762 | Lab      | Killed a minotaur
 10762 | Lab      | Reached skill level 13 in Shields
 10776 | Lab      | Identified the Compendium of Talismans and the Traveller
 10799 | Lab      | Got a twitching jade ring
 10803 | Lab      | Identified the ring of Canufrumorch {+Blink +Fly Dex-3 Stlth+} (You found it in a labyrinth)
 11050 | Lair:3   | Noticed a five-headed hydra
 11063 | Lair:3   | Killed a five-headed hydra
 11078 | Lair:3   | Found a staircase to the Shoals.
 11209 | Lair:3   | Reached skill level 14 in Shields
 11473 | Lair:3   | Found a staircase to the Snake Pit.
 11935 | Lair:4   | Found a frozen archway.
 11936 | Lair:4   | Noticed Urug
 11941 | Lair:4   | Reached skill level 15 in Shields
 11962 | Lair:4   | Killed Urug
 11986 | IceCv    | Entered an ice cave
 12415 | IceCv    | Reached XP level 13. HP: 113/113 MP: 12/12
 12435 | IceCv    | Reached skill level 10 in Fighting
 12435 | IceCv    | Reached skill level 10 in Armour
 12528 | IceCv    | Noticed a reaper
 12537 | IceCv    | Killed a reaper
 12541 | IceCv    | Got a smoking great sword
 12543 | IceCv    | Gained mutation: You are somewhat inexperienced. (-2 XL) [Ru sacrifice]
 12543 | IceCv    | Reached XP level 12. HP: 90/106 MP: 11/11
 12543 | IceCv    | Reached XP level 11. HP: 90/100 MP: 10/10
 12543 | IceCv    | Reached * piety under Ru
 12543 | IceCv    | Reached ** piety under Ru
 12692 | Lair:4   | Identified the cursed +0 great sword "Gafanwint" {flame, *Corrode +Fly Dex+3 Stlth+} (You found it in an ice cave)
 12728 | Lair:4   | Noticed Harold
 12754 | Lair:4   | Killed Harold
 12830 | Lair:4   | Noticed a four-headed hydra
 12844 | Lair:4   | Killed a four-headed hydra
 13186 | Lair:4   | Noticed Nessos
 13203 | Lair:4   | HP: 3/102 [komodo dragon (20)]
 13333 | Lair:4   | Splashed by Nessos's acid

Vault maps used:
D:1:      evilmike_arrival_hilbert_curve, minmay_quantized
D:2:      uniq_terence
D:3:      chequers_temple_overflow_minitemple, grunt_ministairs_6, uniq_jessica,
          uniq_sigmund
D:4:      serial_shops, shop_fountains, bloody_makhleb, uniq_edmund
D:5:      cheibrodos_two_vegetables, cheibriados_altar_1, first_bread
D:6:      nemelex_altar_shiori, serial_park_tiny_1
D:7:      basic_altar
D:8:      minmay_bloctagon, fedhas_bush_and_centaur_altar, xom_confusion_cloud,
          uniq_grum
D:9:      nicolae_overflow_hidden_temple, serial_shops,
          nicolae_shop_behind_doors
D:10:     dpeg_lair_monsters
Temple:   nicolae_temple_hex_pool
Lair:1:   lemuel_fruit_tree
Lair:2:   serial_bayou_shore_a
Lair:3:   shoals_dummy_entry, minmay_snake_entry_six_corridors,
          lab_entry_generic
Lair:4:   portal_ice_cave_demonic_guard, grunt_megastairs_5, uniq_urug,
          uniq_nessos, uniq_harold
Lab:      nicolae_lab_dead_adventurers
IceCv:    ice_cave_small_demon

Skill      XL: |  1  2  3  4  5  6  7  8  9 10 11 12 13 |
---------------+----------------------------------------+-----
Long Blades    | 3 4 5 7 9 11 | 11.4
Polearms       | 8 12 13 | 13.0
Fighting       | 9 11 10 | 11.4
Armour         | 9 11 10 | 11.4
Shields        | 10 15 | 15.2

Action                   |  1- 3 |  4- 6 |  7- 9 | 10-12 | 13-15 || total
-------------------------+-------+-------+-------+-------+-------++-------
Melee: Long sword        |    62 |    89 |    76 |       |       ||   227
       Headbutt          |     4 |    17 |    52 |   211 |    10 ||   294
       Spear             |       |       |   253 |   695 |    18 ||   966
 Fire: Hunting sling     |       |       |       |    16 |       ||    16
Throw: Javelin           |       |       |     3 |       |       ||     3
Invok: Sacrifice Experie |       |       |       |     1 |       ||     1
       Sacrifice Stealth |       |       |       |     1 |       ||     1
  Use: Potion            |       |     1 |     1 |     5 |     1 ||     8
       Scroll            |       |       |     9 |    16 |       ||    25
  Eat: Chunk             |       |     2 |    14 |    20 |       ||    36
       Fruit             |       |       |       |     4 |       ||     4
Armor: Scale mail        |    36 |    29 |    52 |    67 |       ||   184
       Plate armour      |       |       |       |    59 |     2 ||    61
Dodge: Dodged            |    25 |    38 |    35 |    45 |       ||   143
Block: Shield            |    32 |    35 |    70 |       |       ||   137
       Large shield      |       |       |    36 |   352 |    10 ||   398
       Rpst.: Long sword |     8 |     9 |     3 |       |       ||    20
